[Event "6th Tal Memorial"]
[Site "Moscow, Russia"]
[Date "2011.11.17"]
[Round "2"]
[White "Carlsen, Magnus"]
[Black "Gelfand, Boris"]
[Result "1-0"]
[ECO "D12"]
[WhiteElo "2826"]
[BlackElo "2744"]
[Annotator "Ramirez, Alejandro"]
[PlyCount "75"]
[EventDate "2011.??.??"]
[TimeControl "6000+30"]

1. d4 d5 2. c4 c6 3. Nf3 Nf6 4. e3 Bf5 5. Nc3 e6 6. Nh4 Bg6 7. Nxg6 hxg6 8. Bd3
{This move is already a little rare. White has tried basically every move in
this position.} (8. Bd2 {is arguably the main line, but also popular are}) (8.
Qb3 {and}) (8. a3) 8... Nbd7 9. O-O {Despite the open h-file, Black is usually
unable to create any serious threats against the White king, so castling short
is considered relatively safe. The key word in that sentence is "usually".} Bd6
10. h3 dxc4 11. Bxc4 Nb6 12. Bb3 {The bishop here pressures f7 in case of an
eventual e5, somewhat discouraging it.} (12. Be2 e5 13. a4 {was
Zhigalko-Petrosian from the Lake Sevan invitational earlier this year. The
game was quite interesting, but Magnus chooses another route.}) 12... e5 (12...
O-O 13. Qc2 Qe7 14. Bd2 Rac8 {preparing c5 was another, maybe more solid
option.}) 13. Qc2 $1 {I think this is the entire point of the setup. Black
cannot easily castle, which means that he must be a little more creative in
trying to solidify his position. This slight annoyance is actually not so
easily solvable.} Qe7 (13... O-O $2 14. Qxg6 $16) 14. Bd2 O-O-O {This is a
radical way of dealing with the problem. It certainly sparks a wild game! It
is rare that in this relatively solid line of the Slav the parties castle in
opposite sides, and when it happens it usually occurs with White on the
queenside and Black on the kingside, not vice-versa!} 15. d5 {This is a
radical way of dealing with the problem. It certainly sparks a wild game! It
is rare that in this relatively solid line of the Slav the parties castle in
opposite sides, and when it happens it usually occurs with White on the
queenside and Black on the kingside, not vice-versa!} (15. Nb5 {Is the
unanimous engine recommendation.} Bb8 16. a4 Nbd5 (16... a6 $2 17. Ba5 Nfd5 18.
Qc5 $16) 17. Rfd1 a6 {but I think Black should be ok here.}) 15... e4 {
Basically the only move. Black clears a way for the queen to e5, with the
simple hard-to-meet mate threat.} 16. dxc6 Qe5 17. f4 {The reader may be
asking. "Why not take the b7 pawn? It's check!" There's actually an important
detail.} (17. cxb7+ $2 Kxb7 18. f4 exf3 19. Rxf3 g5 $1 {And the threat of g4
is hard to meet. This isn't possible of White doesn't use up his intermezzo!}
20. Qf5 $2 Qh2+ 21. Kf2 Bg3+ $1 $19) 17... exf3 18. Rxf3 Ng4 $5 {An amazing
looking move! This is designed to take away f2 from the white king in the most
forceful way. The knight must now be taken, White will run out of defensive
resources if he lets these pieces roam freely.} (18... g5 $2 {Is no longer
possible.} 19. Qf5+ $16) 19. cxb7+ Kb8 (19... Kxb7 $2 20. Qe4+ {And with the
attack having evaporated completely, White is just a pawn ahead.}) 20. hxg4 (
20. Rf4 $2 Nxe3 {Is winning for Black.}) 20... Rh1+ {The point of the
combination, but this does't mean that White is toast.} 21. Kf2 Rxa1 22. Ne2 {
The material is balanced, and the positoin is chaos. It is unclear which of
the two kings is safer. Sure, a single check would checkmate the white king,
but there doesn't seem to be any angles of attack, especially since the poor
knight on b6 is far away from the action. On the other hand, the king on b8
isn't feeling that safe either.} Bc5 {White had a bunch of options. Nd4, Rxf7,
Bxf7 were all worth considering, but I won't exhaust the possibilities in this
entry.} 23. Bc3 Qe7 {The queen angles herself to check on h4. Magnus puts a
stop to that.} 24. g5 Rdd1 (24... Qxg5 $6 25. Qe4 {and it is now White's queen
dominating the board. This looks quite dangerous for Black.}) 25. Ng3 Bd6 26.
Qe2 {White's last couple of moves have been forced, but sufficient.} Rg1 (26...
Bxg3+ 27. Rxg3 Rf1+ 28. Qxf1 Rxf1+ 29. Kxf1 {is a very unclear endgame, but at
a first glance it seems nicer to play with White.}) 27. Qd3 (27. Qb5 $1 {Is
apparently winning. This is not only a move only a computer could tell you is
actually winning, but it would reqiure an exhaustive amount of analysis. Look
forward to that in an upcoming issue of Chessbase Magazine!}) 27... Bc7 28. Ne4
Raf1+ $6 {As a human, I can actually pinpoint to this move as one I do not
like. It seems unnatural to exchange a pair of rooks and fix White's pawn
structure. The problem is that every other move looks just as unnatural!} 29.
Ke2 Rxf3 30. gxf3 f5 31. gxf6 gxf6 32. Bxf6 Qh7 33. Qb5 Rg2+ (33... a6 {was
the last glimmer of hope, as if any human would consider this.}) 34. Kd3 {It's
ok. Magnus's king is perfectly safe in d3. That's bad news for Gelfand, as now
that his attack has evaporated, he has uncoordinated pieces, a weak king and a
material disadvantage.} Qd7+ {This is NOT a move he wanted to play, but there
was no choice.} 35. Qxd7 Nxd7 36. Bd5 {Sometimes this happens: A pawn that you
thought was dead for sure is suddenly not dead, and not only is it resurrected,
it creeps from the grave threatening to queen and setting up mating patterns.
This is the story of the b7 pawn.} Be5 $2 {A bad move but the position was
very unpleasant.} 37. f4 Bc7 38. Bc6 {The knight can't move and it cannot be
defended, so Boris resigned. This was a wild, crazy game. Magnus' defense was
superb, and as much as it seemed that Black was on the verge of winning, he
held on to dear life to his positional advantages and when the attack faltered,
he was there to deliver a killing blow. Fabulous chess!} 1-0